 Dungeon Crawl Stone Soup version 0.27.1-34-g3ba077fa99 (webtiles) character file.

Game seed: 12648706118617853570

79939 pkoi the Black Belt (level 15, -5/124 HPs)
             Began as a Pale Draconian Monk on Jan 17, 2022.
             Was the Champion of Hepliaklqana.
             Slain by a purple draconian monk (13 damage)
             ... on level 2 of the Abyss on Jan 18, 2022.
             The game lasted 01:03:23 (34772 turns).

pkoi the Black Belt (Pale Draconian Monk)          Turns: 34772, Time: 01:03:24

Health: -5/124     AC: 14    Str: 14    XL:     15   Next: 22%
Magic:  21/21      EV: 33    Int: 15    God:    Hepliaklqana [******]
Gold:   2134       SH:  0    Dex: 17    Spells: 13/21 levels left

rFire    . . .     SeeInvis .     - Unarmed
rCold    . . .     Faith    .   (no shield)
rNeg     . . .     Spirit   .   (armour unavailable)
rPois    .         Reflect  .   b - +2 hood of the Assassin {Detection Stab+ Stlth++}
rElec    .         Harm     .   n - scarf {shadows}
rCorr    .         Rampage  .   D - +0 pair of gloves
Will     +....                  P - +1 pair of boots {Fly}
Stlth    +++++.....             I - amulet of the acrobat
HPRegen  0.30/turn              S - ring "Ariqirre" {Dex+2 Slay+4}
MPRegen  0.17/turn              w - +4 ring of slaying

@: acrobatic, flying, studying Evocations
A: reduced essence, breathe steam, AC +9, unfitting armour, cold-blooded, steam
resistance
a: Breathe Steam, Renounce Religion, Recall Ancestor, Ancestor Identity,
Transference, Idealise


You were on level 2 of the Abyss.
You worshipped Hepliaklqana.
Hepliaklqana was exalted by your worship.
You visited 4 branches of the dungeon, and saw 23 of its levels.
You visited the Abyss 1 time.

You collected 3382 gold pieces.
You spent 1248 gold pieces at shops.

Inventory:

Hand Weapons
 h - a +0 dagger of draining
 t - a +4 dagger of venom
Missiles
 m - 6 silver boomerangs
 o - 2 throwing nets
 q - 7 curare-tipped darts
 z - 7 datura-tipped darts
 A - 30 poisoned darts (quivered)
 T - 3 boomerangs of dispersal
Armour
 b - the +2 hood of the Assassin (worn) {Detection Stab+ Stlth++}
   (You acquired it on level 8 of the Dungeon)

   It allows the wearer to sense nearby creatures.
   It allows the wearer to make particularly effective stabbing attacks against
   helpless or unaware enemies with any weapon.
   Stlth:     It makes you much more stealthy.
 n - a scarf of shadows (worn)
 D - a +0 pair of gloves (worn)
 P - a +1 pair of boots of flying (worn)
Jewellery
 j - a +4 ring of protection
 w - a +4 ring of slaying (right hand)
 E - the ring "Jybbuop" {Fire rN++ Str+4}
   (You found it on level 1 of the Lair of Beasts)

   [ring of fire]

   It enhances your fire magic.
   Str:       It affects your strength (+4).
   rF:        It protects you from fire.
   rC:        It makes you vulnerable to cold.
   rN:        It greatly protects you from negative energy.
 H - a ring of see invisible
 I - an amulet of the acrobat (around neck)
 L - an amulet of regeneration
 O - a ring of resist corrosion
 S - the ring "Ariqirre" (left hand) {Dex+2 Slay+4}
   (You bought it in a shop on level 2 of the Orcish Mines)

   [ring of slaying]

   Dex:       It affects your dexterity (+2).
   Slay:      It affects your accuracy & damage with ranged weapons and melee
   (+4).
Wands
 c - a wand of charming (9)
 g - a wand of polymorph (31)
 k - a wand of digging (21)
 p - a wand of flame (33)
 r - a wand of mindburst (22)
 K - a wand of paralysis (19)
 N - a wand of acid (11)
 R - a wand of iceblast (16)
Scrolls
 a - 6 scrolls of identify
 d - 5 scrolls of enchant armour
 s - 4 scrolls of amnesia
 u - a scroll of fear
 x - 2 scrolls of fog
 y - 4 scrolls of teleportation
 B - 5 scrolls of enchant weapon
 C - 3 scrolls of magic mapping
 J - 2 scrolls of blinking
 Q - a scroll of summoning
 V - a scroll of silence
Potions
 e - 3 potions of flight
 f - 2 potions of ambrosia
 i - 5 potions of haste
 l - 2 potions of cancellation
 v - 5 potions of curing
 F - a potion of heal wounds
 G - 5 potions of brilliance
 M - 3 potions of might
 U - 4 potions of resistance


   Skills:
 - Level 14.0 Fighting
 + Level 9.8 Dodging
 - Level 6.0 Stealth
 + Level 18.0 Unarmed Combat
 - Level 3.8 Spellcasting
 - Level 4.2 Translocations
 - Level 2.5 Air Magic
 - Level 9.0 Invocations
 - Level 12.0 Evocations


You had 13 spell levels left.
You knew the following spells:

 Your Spells              Type           Power      Damage    Failure   Level
a - Apportation           Tloc           30%        N/A       3%          1
b - Swiftness             Air            10%        N/A       21%         3
c - Airstrike             Air            5%         N/A       54%         4

Your spell library contained the following spells:

 Spells                   Type           Power      Damage    Failure   Level
 Gell's Gravitas          Tloc           7%         N/A       10%         3
 Teleport Other           Tloc           15%        N/A       10%         3
 Shock                    Conj/Air       24%        1d4       11%         1
 Corpse Rot               Necr/Air       N/A        N/A       17%         2
 Summon Small Mammal      Summ           8%         N/A       19%         1
 Ensorcelled Hibernation  Hex/Ice        4%         N/A       28%         2
 Call Canine Familiar     Summ           2%         N/A       50%         3
 Ozocubu's Armour         Ice            2%         N/A       50%         3
 Spider Form              Tmut/Pois      1%         N/A       50%         3
 Summon Guardian Golem    Hex/Summ       2%         N/A       50%         3
 Dispel Undead            Necr           2%         3d7       88%         4
 Summon Forest            Summ/Tloc      4%         N/A       91%         5
 Alistair's Intoxication  Tmut/Pois      1%         N/A       99%         5
 Dispersal                Tloc           7%         N/A       99%         6
 Conjure Ball Lightning   Conj/Air       3%         3x3d6     100%        6
 Death Channel            Necr           1%         N/A       100%        6
 Eringya's Noxious Bog    Tmut/Pois      1%         N/A       100%        6
 Invisibility             Hex            1%         N/A       100%        6
 Shadow Creatures         Summ           N/A        N/A       100%        6
 Orb of Destruction       Conj           1%         N/A       100%        7
 Ozocubu's Refrigeration  Ice            1%         4d5       100%        7
 Spellforged Servitor     Conj/Summ      1%         N/A       100%        7
 Summon Hydra             Summ           1%         N/A       100%        7
 Discord                  Hex            1%         N/A       100%        8
 Disjunction              Tloc           7%         N/A       100%        8


Dungeon Overview and Level Annotations

Branches:
Dungeon (14/15)            Temple (1/1) D:4            Lair (6/6) D:9
  Swamp (0/4) Lair:3        Snake (0/4) Lair:3        Slime (0/5) Lair:5
    Orc (2/2) D:12            Elf (0/3) Orc:2        Vaults (0/5) D:14

Altars:
Ashenzari
Cheibriados
Dithmenos
Elyvilon
Fedhas
Gozag
Hepliaklqana
Kikubaaqudgha
Makhleb
Nemelex Xobeh
Okawaru
Qazlal
Ru
Sif Muna
Trog
Uskayaw
Vehumet
Wu Jian
Xom
Yredelemnul
Zin
The Shining One
Beogh

Shops:
D:4 :   D:11 *   Orc:2 (=*::

Annotations:
Lair:2 exclusion: 4 oklob plants
Lair:3 exclusion: oklob plant


Innate Abilities, Weirdness & Mutations

Your life essence is reduced to manifest your ancestor. (-10% HP)
You can breathe blasts of scalding, opaque steam.
Your pale cyan-grey scales are hard. (AC +9)
You cannot fit into any form of body armour.
You are cold-blooded and may be slowed by cold attacks.
You are immune to the effects of steam.


Message History

A smoke demon comes into view.
Xoe barely misses the purple draconian monk.
The purple draconian monk misses you. The purple draconian monk kicks you!
* * * LOW HITPOINT WARNING * * *
The purple draconian monk tail-slaps you but does no damage.
Aiming: Mindburst
Press: ? - help, Shift-Dir - straight line, f/p - purple draconian monk
Aim: a purple draconian monk, wearing a +0 cloak (severely wounded, catching its breath, ally target, chance to affect: 9%)
Okay, then.
Unknown command.
Aiming: Corrosive Bolt
Press: ? - help, Shift-Dir - straight line, f/p - purple draconian monk
Aim: a purple draconian monk, wearing a +0 cloak (severely wounded, catching its breath, ally target, 46% to hit)
The bolt of acid hits the purple draconian monk!!
The purple draconian monk is splashed with acid!
The acid corrodes the purple draconian monk!
The purple draconian monk is almost dead.
The smoke demon gestures at you. Something smites you!
* * * LOW HITPOINT WARNING * * *
Xoe completely misses the purple draconian monk.
The purple draconian monk closely misses you.
The purple draconian monk kicks you!
* * * LOW HITPOINT WARNING * * *
The purple draconian monk closely misses you.
Unknown command.
You feel much better.
Xoe hits the purple draconian monk with a +0 broad axe of flaming!
Xoe burns the purple draconian monk.
The purple draconian monk hits you!
* * * LOW HITPOINT WARNING * * *
The purple draconian monk kicks you.
* * * LOW HITPOINT WARNING * * *
The purple draconian monk tail-slaps you but does no damage.
You swap places.
The smoke demon hits Xoe.
The smoke demon hits Xoe but does no damage.
The smoke demon closely misses Xoe.
Xoe completely misses the purple draconian monk.
Xoe hits the smoke demon with a +0 broad axe of flaming.
The purple draconian monk hits you!
You die...

.# .# ##.
#.. #.##
### # ##.##
...#
#3R@##ยง#.#
#
#...#q####
......#.#
#.##.# ..#
. #.. .#.#
### ###. .#
# .#.# . .
# #


You could see the friendly Xoe the knight, a purple draconian monk (catching
breath, corroded, ally target) and a smoke demon.

Vanquished Creatures
  A tentacled starspawn (Abyss:2)
  Gastronok (Lair:2)
  Nessos (Lair:4)
  Erolcha (D:11)
  A vault guard (D:14)
  A catoblepas (Lair:2)
  9 hydras
  2 centaur warriors (D:13)
  A merfolk avatar (Lair:6)
  An anaconda (shapeshifter) (D:8)
  An ogre mage (D:11)
  4 two-headed ogres (D:11)
  2 tengu warriors
  4 death yaks
  A skeletal warrior (D:13)
  A spatial maelstrom (Abyss:2)
  A lindwurm (Lair:6)
  A deep elf pyromancer (D:13)
  Pikel (D:7)
  An orb spider (Orc:2)
  The ghost of styxcanada the Covert, a novice SpBr of Gozag (D:8)
  5 orc sorcerers (Orc:2)
  3 cyclopes
  3 ugly things
  A manticore (Lair:6)
  8 elephants
  A black mamba (shapeshifter) (D:14)
  4 black mambas
  3 gargoyles
  A smoke demon (Abyss:2)
  10 cane toads
  4 komodo dragons
  7 rime drakes
  A hellwing (Abyss:2)
  A tengu conjurer (D:8)
  6 trolls
  2 wind drakes (Lair:6)
  3 polar bears
  4 slime creatures (D:12)
  Grinder (D:6)
  9 blink frogs
  2 dream sheep (Lair:4)
  2 vampires
  2 shadows (D:9)
  3 wraiths
  4 wyverns
  A ynoxinul (Abyss:2)
  22 yaks
  A yak (shapeshifter) (D:14)
  4 vampire mosquitoes
  A large abomination (Abyss:2)
  4 steam dragons
  A basilisk (Lair:3)
  A golden eye (Abyss:2)
  Grum (D:11)
  Eustachio (D:5)
  6 wargs
  A spatial vortex (Abyss:2)
  2 nagas (Lair:3)
  An acid dragon (D:10)
  10 water moccasins
  A sky beast (D:5)
  13 orc warriors
  3 ice beasts
  A black bear (D:6)
  5 ogres
  13 wolves
  3 centaurs
  A lemure (D:7)
  A phantom (D:5)
  4 small abominations (Abyss:2)
  3 kobold brigands
  Blork the orc (D:6)
  6 bullfrogs
  A gnoll sergeant (D:11)
  A scorpion (D:7)
  3 earth elementals (D:13)
  Dowan (D:5)
  A wyvern skeleton (D:7)
  A wight (D:8)
  12 killer bees
  4 electric eels
  A howler monkey (D:10)
  A centaur zombie (D:9)
  A hound (D:6)
  6 jellies
  Crazy Yiuf (D:7)
  A gnoll shaman (D:6)
  9 orc priests
  An iguana (D:6)
  30 orc wizards
  A hell rat (D:9)
  6 adders
  15 gnolls
  2 white imps
  2 ufetubi (D:5)
  56 orcs
  8 ball pythons
  5 bats
  7 endoplasms
  4 giant cockroaches
  4 hobgoblins
  A quokka (D:4)
  3 frilled lizards (D:2)
  6 goblins
  41 kobolds
  7 rats
  A bush (Lair:6)
  A butterfly (Lair:5)
484 creatures vanquished.

Vanquished Creatures (collateral kills)
  A hydra (D:14)
  A centaur warrior (D:14)
  4 death yaks
  3 two-headed ogres
  An oklob plant (Lair:3)
  2 harpies (Lair:6)
  An orc sorcerer (Orc:2)
  3 elephants
  A cyclops (D:14)
  2 cane toads (Lair:3)
  2 rime drakes
  5 komodo dragons
  An ancient zyme (Abyss:2)
  A hellwing (Abyss:2)
  3 trolls
  2 polar bears
  2 dream sheep (Lair:4)
  2 slime creatures (D:12)
  A ynoxinul (Abyss:2)
  A spriggan (Lair:3)
  A wraith (D:12)
  7 yaks
  2 vampire mosquitoes (D:12)
  A warg (Orc:1)
  A water moccasin (D:8)
  Duvessa (D:5)
  A black bear (Lair:3)
  A sky beast (D:6)
  2 ogres (D:11)
  3 wolves
  2 centaurs (D:13)
  A kobold brigand (D:9)
  An earth elemental (D:13)
  A scorpion (D:5)
  2 killer bees
  3 wights (D:7)
  4 howler monkeys
  3 jellies
  A bullfrog zombie (D:6)
  2 centaur zombies
  2 orc priests
  2 hounds
  A gnoll shaman (D:7)
  15 orc wizards
  2 howler monkey zombies
  7 gnolls
  An adder (D:6)
  A white imp (D:7)
  23 orcs
  A hobgoblin (D:6)
  4 kobolds (D:6)
  A rat (D:9)
  A bush (Lair:6)
  A butterfly (Lair:5)
141 creatures vanquished.

Vanquished Creatures (others)
  A killer bee (D:8)
  A jelly (Lair:5)
  A killer bee zombie (D:8)
  5 knights
  An orc (Orc:2)
  A bush (Lair:6)
  41 fungi
  217 plants
  2 starspawn tentacles (Abyss:2)
270 creatures vanquished.

Grand Total: 895 creatures vanquished

Notes
Turn   | Place    | Note
-------+----------+-------------------------------------------
     0 | D:1      | pkoi the Draconian Monk began the quest for the Orb.
     0 | D:1      | Reached XP level 1. HP: 19/19 MP: 1/1
   484 | D:1      | Reached XP level 2. HP: 26/26 MP: 2/2
   560 | D:1      | Found a faded altar of an unknown god.
   575 | D:1      | Reached skill level 4 in Unarmed Combat
   920 | D:1      | Reached XP level 3. HP: 31/31 MP: 3/3
  1147 | D:2      | Found a basalt altar of Yredelemnul.
  1572 | D:2      | Reached XP level 4. HP: 25/38 MP: 4/4
  1759 | D:2      | Reached skill level 5 in Unarmed Combat
  3850 | D:4      | Reached XP level 5. HP: 45/45 MP: 5/5
  4175 | D:4      | Found Xatatt's Book Shop.
  4274 | D:4      | Found a staircase to the Ecumenical Temple.
  4389 | Temple   | Entered the Ecumenical Temple
  4478 | Temple   | Became a worshipper of Hepliaklqana the Forgotten
  4478 | Temple   | Reached * piety under Hepliaklqana
  4478 | Temple   | Reached ** piety under Hepliaklqana
  4481 | Temple   | Remembered your ancestor Xoe as a knight
  4507 | D:5      | Entered Level 5 of the Dungeon
  4525 | D:5      | Noticed Duvessa
  4529 | D:5      | Reached skill level 6 in Unarmed Combat
  4530 | D:5      | Noticed Dowan
  4540 | D:5      | Killed Duvessa
  4541 | D:5      | Reached XP level 6. HP: 25/45 MP: 6/6
  4547 | D:5      | Killed Dowan
  4548 | D:5      | Reached skill level 7 in Unarmed Combat
  5433 | D:5      | Noticed a sky beast
  5442 | D:5      | Killed a sky beast
  5443 | D:5      | Reached skill level 8 in Unarmed Combat
  5443 | D:5      | Your scales start taking on a pale cyan-grey colour.
  5443 | D:5      | Reached XP level 7. HP: 45/51 MP: 7/7
  5443 | D:5      | Gained mutation: You are immune to the effects of steam.
                  | [Pale Draconian growth]
  5482 | D:5      | Found an ornate altar of the Wu Jian Council.
  5614 | D:5      | Reached skill level 9 in Unarmed Combat
  5637 | D:5      | Noticed Eustachio
  5652 | D:5      | Killed Eustachio
  5933 | D:6      | Reached XP level 8. HP: 56/56 MP: 8/8
  5943 | D:6      | Reached skill level 10 in Unarmed Combat
  5995 | D:6      | Noticed Grinder
  6016 | D:6      | Killed Grinder
  6373 | D:6      | Reached skill level 11 in Unarmed Combat
  6731 | D:6      | Reached skill level 1 in Evocations
  6824 | D:6      | Reached skill level 1 in Invocations
  7206 | D:6      | Noticed Blork the orc
  7211 | D:6      | Killed Blork the orc
  7295 | D:6      | Reached XP level 9. HP: 58/63 MP: 10/10
  8116 | D:7      | Noticed Pikel
  8130 | D:7      | Killed Pikel
  8131 | D:7      | Reached skill level 12 in Unarmed Combat
  8131 | D:7      | Reached skill level 5 in Invocations
  8165 | D:7      | Reached *** piety under Hepliaklqana
  8375 | D:7      | Found a runed translucent door.
  8376 | D:7      | Noticed Crazy Yiuf
  8614 | D:7      | Killed Crazy Yiuf
  8761 | D:8      | Noticed a two-headed ogre
  8871 | D:8      | Identified a scroll of acquirement
  8871 | D:8      | Acquired the +2 hood of the Assassin {Detection Stab+
                  | Stlth++}
  8871 | D:8      | Found the +2 hood of the Assassin {Detection Stab+ Stlth++}
  9299 | D:8      | Killed a two-headed ogre
  9300 | D:8      | Reached XP level 10. HP: 33/70 MP: 14/14
  9488 | D:8      | Noticed an anaconda
  9499 | D:8      | HP: 2/70 [constriction (3)]
  9500 | D:8      | Killed an anaconda
  9915 | D:8      | Found a runed translucent gate.
  9915 | D:8      | Found a runed translucent gate.
  9916 | D:8      | Found a runed translucent gate.
  9916 | D:8      | Found an opulent altar of Gozag.
  9991 | D:8      | Acquired a manual of Fighting
 10030 | D:8      | Reached skill level 5 in Fighting
 10259 | D:8      | Noticed styxcanada's ghost (novice SpBr)
 10287 | D:9      | Noticed a death yak
 10311 | D:8      | Killed a death yak
 10312 | D:8      | Reached skill level 13 in Unarmed Combat
 10773 | D:9      | Found a staircase to the Lair.
 10782 | D:9      | Noticed a death yak
 10791 | D:9      | Noticed a death yak
 10824 | D:9      | Killed a death yak
 11396 | D:9      | Noticed a two-headed ogre
 11402 | D:9      | Killed a two-headed ogre
 11403 | D:9      | Reached XP level 11. HP: 84/84 MP: 17/17
 11711 | D:9      | Killed a death yak
 12008 | D:9      | Reached **** piety under Hepliaklqana
 12636 | D:10     | Entered Level 10 of the Dungeon
 12806 | D:10     | Acquired a manual of Evocations
 13255 | D:11     | Noticed a green ugly thing
 13257 | D:11     | Noticed Erolcha
 13310 | Lair:1   | Entered Level 1 of the Lair of Beasts
 13373 | Lair:1   | Reached skill level 10 in Fighting
 13552 | Lair:1   | Reached skill level 5 in Dodging
 13563 | Lair:1   | Noticed a four-headed hydra
 13573 | Lair:1   | Killed a four-headed hydra
 13574 | Lair:1   | Reached skill level 14 in Unarmed Combat
 13574 | Lair:1   | Reached skill level 5 in Evocations
 13685 | Lair:1   | Identified the ring "Jybbuop" {Fire rN++ Str+4}
 14798 | Lair:2   | Learned a level 1 spell: Apportation
 14836 | Lair:2   | Noticed Gastronok
 14848 | Lair:2   | Killed Gastronok
 14849 | Lair:2   | Reached XP level 12. HP: 99/99 MP: 18/18
 14874 | Lair:2   | Noticed a four-headed hydra
 14884 | Lair:2   | Killed a four-headed hydra
 15072 | Lair:2   | Reached ***** piety under Hepliaklqana
 15072 | Lair:2   | Noticed a catoblepas
 15089 | Lair:2   | Killed a catoblepas
 17488 | Lair:3   | Reached skill level 15 in Unarmed Combat
 18197 | Lair:3   | You fall into a shaft and drop 1 floor!
 18233 | Lair:4   | Noticed Nessos
 18734 | Lair:3   | Noticed an eight-headed hydra
 18738 | Lair:3   | Noticed a seven-headed hydra
 18742 | Lair:3   | Killed an eight-headed hydra
 18759 | Lair:3   | Killed a seven-headed hydra
 19011 | Lair:3   | Noticed a death yak
 19012 | Lair:3   | Noticed a death yak
 19012 | Lair:3   | Noticed a death yak
 19090 | Lair:2   | Killed a death yak
 19254 | Lair:3   | Reached XP level 13. HP: 107/110 MP: 19/19
 19291 | Lair:3   | Found a staircase to the Snake Pit.
 19658 | Lair:3   | Found a staircase to the Swamp.
 19811 | Lair:4   | Reached skill level 10 in Evocations
 19816 | Lair:4   | Killed Nessos
 20904 | Lair:5   | Reached skill level 16 in Unarmed Combat
 21097 | Lair:5   | Found a staircase to the Slime Pits.
 21587 | Lair:6   | Entered Level 6 of the Lair of Beasts
 21587 | Lair:6   | Reached ****** piety under Hepliaklqana
 21635 | Lair:5   | Reached skill level 5 in Stealth
 23785 | Lair:6   | Reached XP level 14. HP: 115/118 MP: 20/20
 24338 | D:11     | Noticed Grum
 24341 | D:11     | Killed Erolcha
 24342 | D:11     | Reached skill level 17 in Unarmed Combat
 24377 | D:11     | Killed Grum
 25522 | D:11     | Found Rifirigi's Serpentskin Sales.
 26413 | D:12     | Found a staircase to the Orcish Mines.
 27044 | Orc:1    | Entered Level 1 of the Orcish Mines
 27186 | Orc:2    | Entered Level 2 of the Orcish Mines
 27186 | Orc:2    | Found a staircase to the Elven Halls.
 27193 | Orc:2    | Learned a level 3 spell: Swiftness
 27198 | Orc:2    | Learned a level 4 spell: Airstrike
 27420 | Orc:2    | Found Tupsiaz's Book Shoppe.
 28251 | Orc:2    | Reached skill level 1 in Air Magic
 28281 | Orc:2    | Reached skill level 1 in Translocations
 28620 | Orc:2    | Reached skill level 1 in Spellcasting
 29499 | Orc:2    | Found Ahadell's Antique Weapon Shoppe.
 29499 | Orc:2    | Found Pegices's Jewellery Boutique.
 29513 | Orc:2    | Bought the ring "Ariqirre" {Dex+2 Slay+4} for 1248 gold
                  | pieces
 29543 | Orc:2    | Found Ohovuypi's Assorted Antiques.
 29543 | Orc:2    | Found Xavemn's Book Boutique.
 30813 | D:8      | Killed styxcanada's ghost
 32103 | D:13     | Acquired 537 gold pieces
 33203 | D:14     | Reached XP level 15. HP: 100/124 MP: 21/21
 34214 | D:14     | Found a gate to the Vaults.
 34361 | D:14     | Cast into level 2 of the Abyss (a wizard)
 34449 | Abyss:2  | Noticed a tentacled starspawn
 34456 | Abyss:2  | Killed a tentacled starspawn
 34527 | Abyss:2  | Reached skill level 18 in Unarmed Combat
 34756 | Abyss:2  | Noticed a purple draconian monk
 34770 | Abyss:2  | HP: 1/124 [purple draconian monk (11)]
 34772 | Abyss:2  | Slain by a purple draconian monk

Illustrated notes

Levels and vault maps discovered:
D:1:      roderic_crop_circles_arrival_small, layout_loops_cross,
          shapermc_ecumenical_altar_mp_urbaneastern
D:2:      layout_loops_cross, basic_altar
D:3:      mumra_celtic_spiral_tile, layout_basic, grunt_decor_one_mirror
D:4:      layout_cave_pools, minmay_temple_entry_gardened_gates, serial_shops,
          kennysheep_mini_moat
D:5:      layout_loops_cross, pdpol_wu_jian_five_deadly_venoms, eino_curves_01,
          uniq_duvessa, uniq_eustachio
D:6:      minmay_goblin_kobold_castle, layout_gridville, uniq_grinder,
          uniq_blork_the_orc
D:7:      layout_loops_ring, hangedman_decor_points, uniq_crazy_yiuf_cottage,
          uniq_pikel
D:8:      layout_rooms, ebering_ghost_gozag
D:9:      minmay_razor_zed, layout_irregular_city, dpeg_lair_monsters
D:10:     layout_rooms
D:11:     layout_cave_pods, enter_bailey_2, guppyfry_shop_venom, uniq_grum,
          uniq_erolcha
D:12:     layout_grid_maze, orc_0_dummy, kennysheep_minor_cross
D:13:     minmay_stone_box, layout_loops_ring
D:14:     layout_basic, david_vaults_5, minmay_misc_feat_roman
Temple:   dpeg_three_leaves_temple
Lair:1:   layout_cave_pods
Lair:2:   layout_layer_cave, minmay_lair_oklob_chamber, uniq_gastronok
Lair:3:   minmay_lair_oklob_tunnel, layout_chaotic_city,
          palyth_hydra_swamp_entry, minmay_snake_entry_guardpost_small,
          minivault_11, grunt_forest_stairs_clearing
Lair:4:   layout_big_grid, uniq_nessos
Lair:5:   layout_regular_city, minmay_slime_entry_jelly_boxes,
          lemuel_fruit_fields, serial_bayou_shore_a
Lair:6:   gammafunk_lair_ancient_temple, layout_misc_corridors, wad_woods_06,
          chequers_serial_rivers_micro_d, wad_woods_road_06
Orc:1:    layout_caves
Orc:2:    st_orc_town, layout_diamond_mine, serial_shops,
          nicolae_shop_temple_entry_statues_fountains
Abyss:2:  base: D:14, bh_abyss_exit_spiral, hangedman_decor_points

Skill      XL: |  1  2  3  4  5  6  7  8  9 10 11 12 13 14 15 |
---------------+----------------------------------------------+-----
Unarmed Combat | 4 5 6 8 9 11 12 13 14 15 16 17 18 | 18.0
Evocations     | 2 3 6 9 12 | 12.0
Invocations    | 2 6 8 9 |  9.0
Dodging        | 3 5 6 9 |  9.8
Stealth        | 2 3 6 |  6.0
Fighting       | 8 11 13 14 | 14.0
Air Magic      | 2 |  2.5
Translocations | 3 4 |  4.2
Spellcasting   | 3 |  3.8

Action                   |  1- 3 |  4- 6 |  7- 9 | 10-12 | 13-15 || total
-------------------------+-------+-------+-------+-------+-------++-------
Melee: Unarmed           |   105 |   163 |   203 |   326 |   753 ||  1550
       Tailslap          |     9 |    24 |    45 |    55 |   122 ||   255
       Punch             |     1 |     7 |    12 |    28 |    62 ||   110
       Dagger            |       |       |    26 |    30 |     1 ||    57
Throw: Dart              |       |       |       |       |     6 ||     6
Invok: Ancestor Life: Kn |       |     1 |       |       |       ||     1
       Ancestor Identity |       |     1 |       |       |       ||     1
       Recall Ancestor   |       |       |     3 |     5 |    11 ||    19
       Transference      |       |       |       |     1 |       ||     1
 Abil: Breathe Steam     |       |       |    11 |    23 |    34 ||    68
Evoke: Wand              |       |       |       |     4 |     4 ||     8
  Use: Scroll            |     1 |     8 |     4 |     7 |    10 ||    30
       Potion            |       |     2 |     2 |     1 |     1 ||     6
 Stab: Sleeping          |     4 |     5 |     2 |    11 |    20 ||    42
       Distracted        |       |     1 |     2 |     4 |     7 ||    14
       Paralysed         |       |       |       |       |     1 ||     1
Armor: Skin              |    33 |    42 |    88 |   132 |   214 ||   509
Dodge: Dodged            |    68 |    89 |   151 |   229 |   539 ||  1076
